 Dungeon Crawl Stone Soup version 0.20.0 (webtiles) character file.

493 SpeedrunTech the Chopper (level 6, -1/57 HPs)
             Began as a Minotaur Berserker on June 11, 2017.
             Was a Follower of Trog.
             Slain by a killer bee (6 damage)
             ... on level 4 of the Dungeon.
             The game lasted 00:00:47 (1755 turns).

SpeedrunTech the Chopper (Minotaur Berserker)       Turns: 1755, Time: 00:00:48

Health: -1/57      AC:  4    Str: 22    XL:     6   Next: 92%
Magic:  5/5        EV: 12    Int:  5    God:    Trog [*.....]
Gold:   83         SH:  0    Dex: 10    Spells: 5/5 levels left

rFire    . . .     SeeInvis .   a - +0 hand axe
rCold    . . .     Gourm    .   (no shield)
rNeg     . . .     Faith    .   b - +0 animal skin
rPois    .         Spirit   .   (helmet restricted)
rElec    .         Reflect  .   (no cloak)
rCorr    .         Harm     .   (no gloves)
MR       ++...                  i - +1 pair of boots {run}
Stlth    +.........             (no amulet)
Regen    1.2/turn               (no ring)
MPRegen  0.1/turn               (no ring)

@: lethally poisoned (-1 -> -10), berserk cooldown, regenerating, slowed, very
slow
A: retaliatory headbutt, horns 2
a: Berserk, Burn Spellbooks, Renounce Religion


You were on level 4 of the Dungeon.
You worshipped Trog.
Trog was aware of your devotion.
You were not hungry.

You visited 1 branch of the dungeon, and saw 4 of its levels.

You collected 83 gold pieces.

Inventory:

Hand Weapons
 a - a +0 hand axe (weapon)
Armour
 b - a +0 animal skin (worn)
 i - a +1 pair of boots of running (worn)
Scrolls
 d - a scroll of enchant armour
Potions
 e - a potion of haste {unknown}
 k - a potion of curing {unknown}
Comestibles
 c - a bread ration
 g - a fruit
 h - a royal jelly


   Skills:
 + Level 6.3 Fighting
 * Level 7.9 Axes
 - Level 2.4 Armour
 - Level 2.1 Dodging


You had 5 spell levels left.
You didn't know any spells.

Dungeon Overview and Level Annotations

Branches:
Dungeon (4/15)
 Temple: D:4-7

Altars:


Innate Abilities, Weirdness & Mutations

You reflexively headbutt those who attack you in melee.
You have a pair of horns on your head.


Message History

The killer bee stings you.
* * * LOW HITPOINT WARNING * * *
You are lethally poisoned!
The killer bee poisons you!
As you read the scroll labeled DUNIXZIAHY, it crumbles to dust.
The dust glows pale lavender!
It was a scroll of random uselessness.
* * * LOW HITPOINT WARNING * * *
You feel very sick. The killer bee stings you.
* * * LOW HITPOINT WARNING * * *
The killer bee barely misses you. The killer bee completely misses you.
You furiously retaliate!
You headbutt the killer bee.
As you read the scroll labeled TEINATHOODWU, it crumbles to dust.
It is a scroll of enchant armour.
Really abort (and waste the scroll)?
Your +0 pair of boots of running glows green for a moment.
* * * LOW HITPOINT WARNING * * *
You feel very sick. The killer bee stings you.
You die...

#.. #...# #.....
..#...############.#'##
....(............#.#
#####...#############.##
+....†..# #.#. #####.#.#
#.#. #y#y# #.#. #.#y#
#... #.#@# ###. #.#.# #.
#.#.# #. #.#.# #. #.# ..
#.# ### #.# #.. #.# #.#
#.# ########..


You could see 2 killer bees.

Vanquished Creatures
  The ghost of SpeedrunTech the Chopper, an amateur MiBe of Trog (D:4)
  2 ogres (D:4)
  2 killer bees (D:4)
  2 worker ants (D:4)
  3 adders (D:2)
  2 leopard geckos
  A bat (D:2)
  A goblin (D:1)
  2 hobgoblins
  5 jackals (D:2)
  2 quokkas (D:2)
  A rat (D:3)
  A bush (D:1)
25 creatures vanquished.

Notes
Turn   | Place    | Note
-------+----------+-------------------------------------------
     0 | D:1      | SpeedrunTech the Minotaur Berserker began the quest for the Orb.
     0 | D:1      | Reached XP level 1. HP: 19/19 MP: 0/0
   204 | D:2      | Reached skill level 4 in Axes
   204 | D:2      | Reached XP level 2. HP: 5/27 MP: 1/1
   618 | D:2      | Reached XP level 3. HP: 17/33 MP: 2/2
  1233 | D:4      | Reached skill level 5 in Axes
  1233 | D:4      | Reached XP level 4. HP: 37/41 MP: 3/3
  1243 | D:4      | Noticed SpeedrunTech's ghost (amateur MiBe)
  1247 | D:4      | Noticed an ogre
  1249 | D:4      | Killed SpeedrunTech's ghost
  1249 | D:4      | Reached skill level 5 in Fighting
  1249 | D:4      | Reached skill level 6 in Axes
  1249 | D:4      | Reached XP level 5. HP: 48/48 MP: 4/4
  1252 | D:4      | Killed an ogre
  1252 | D:4      | Reached skill level 7 in Axes
  1252 | D:4      | Reached XP level 6. HP: 57/57 MP: 5/5
  1285 | D:4      | Identified a +0 pair of boots of running (You found it on level 4 of the Dungeon)
  1747 | D:4      | Reached ** piety under Trog
  1749 | D:4      | HP: 7/85 [killer bee (3)]
  1751 | D:4      | HP: 3/57 [poisoned by a killer bee]
  1755 | D:4      | Slain by a killer bee

Skill      XL: |  1  2  3  4  5  6 |
---------------+-------------------+-----
Fighting       | 4 5 6 |  6.3
Axes           | 4 5 6 7 |  7.9
Armour         | |  2.4
Dodging        | |  2.1

Action                   |  1- 3 |  4- 6 || total
-------------------------+-------+-------++-------
Melee: Hand axe          |    57 |    20 ||    77
       Headbutt          |    18 |     6 ||    24
Invok: Berserk           |     2 |     2 ||     4
       Trog's Hand       |       |     1 ||     1
  Use: Scroll            |       |     2 ||     2
       Potion            |       |     1 ||     1
  Eat: Chunk             |     3 |       ||     3
       Bread ration      |       |     1 ||     1
Armor: Animal skin       |     3 |     1 ||     4
Dodge: Dodged            |    18 |    20 ||    38
